 Dungeon Crawl Stone Soup version 0.31-a0-981-geadf994542 (webtiles) character file.

Game seed: 1159402020483481383

2351363 Forgeling the Acrobat (level 27, 261/261 HPs)
             Began as a Gnoll Hexslinger on Oct 31, 2023.
             Was the Champion of Fedhas.
             Escaped with the Orb
             ... and 5 runes on Nov 2, 2023!
             The game lasted 06:22:59 (112269 turns).

Forgeling the Acrobat (Gnoll Hexslinger)          Turns: 112269, Time: 06:22:59

Health: 261/261    AC: 33    Str:  6    XL:     27
Magic:  45/47      EV: 35    Int: 38    God:    Fedhas [******]
Gold:   3686       SH:  0    Dex: 20    Spells: 5/66 levels left

rFire   + . .        b - staff of Utwucke {rF+ rC+ SInv Ice}
rCold   + . .        k - orb of the Tortured God {*channel, *Slow +Blink rN+ Int+7}
rNeg    + + .        (body armour currently unavailable)
rPois   ∞            q - +2 hood of the Assassin {Detect Stab+ Stlth++}
rElec   +            l - +0 cloak of Pem Myta {rCorr SInv}
rCorr   +            (gloves currently unavailable)
SInv    +            (boots currently unavailable)
Will    +++..        f - dreamshard necklace {Acrobat *Dream}
Stlth   ++++         S - ring of Ythreuh {rF++ EV+5}
HPRegen 0.63/turn    j - ring of Gin and Tonic {Will+ Int+6 Slay+6}
MPRegen 0.30/turn

%: slow self (1%), acrobat, channel magic (20%)
@: statue-form, studying 2 skills, very slow
A: slow and powerful, torment resistance 1, boosted hp, fangs 1, strong nose,
distributed training, (iridescent scales 1), agile 1, frail 1, (shaggy fur 1),
heat vulnerability 2, subdued magic 1
0: Orb of Zot
}: 5/15 runes: decaying, serpentine, slimy, silver, abyssal
a: Begin Untransformation, Renounce Religion, Evoke Blink, Wall of Briars, Grow
Ballistomycete, Overgrow, Grow Oklob


You escaped.
You worshipped Fedhas.
Fedhas was exalted by your worship.
You were a living statue of rough stone.
You visited 11 branches of the dungeon, and saw 55 of its levels.
You visited the Abyss 1 time.
You also visited: Desolation.

You collected 10731 gold pieces.
You spent 7045 gold pieces at shops.

Inventory:

Hand Weapons
 a - a +9 hand cannon of draining
Missiles
 g - 10 curare-tipped darts
 u - 5 throwing nets
 w - 11 javelins
 T - 10 silver javelins
Armour
 k - the orb of the Tortured God (worn) {*channel, *Slow +Blink rN+ Int+7}
   (You bought it in a shop on level 2 of the Orcish Mines)

   Int+7:     It affects your intelligence (+7).
   rN+:       It protects you from negative energy.
   +Blink:    It lets you blink.
   *Slow:     It may slow you when you take damage.
 l - the +0 cloak of Pem Myta (worn) {rCorr SInv}
   (You found it on level 4 of the Vaults)

   SInv:      It lets you see invisible.
   rCorr:     It protects you from acid and corrosion.
 q - the +2 hood of the Assassin (worn) {Detect Stab+ Stlth++}
   (You found it on level 3 of the Elven Halls)

   Detect:    It allows the wearer to sense nearby creatures.
   Stab+:     It allows the wearer to make particularly effective stabbing
   attacks against helpless or unaware enemies with any weapon.
   Stlth++:   It makes you much more stealthy.
 I - a +0 kite shield of resistance
 X - the +2 cloak of Jigsaw {Int+3}
   (You found it on level 5 of the Pits of Slime)

   Int+3:     It affects your intelligence (+3).
Magical Staves
 b - the staff of Utwucke (weapon) {rF+ rC+ SInv Ice}
   (You found it on level 5 of the Vaults)

   [staff of cold]

   Base accuracy: +5 Base damage: 5 Base attack delay: 1.2 This weapon's minimum
   attack delay (0.6) is reached at skill level 12.
   rF+:       It protects you from fire.
   rC+:       It protects you from cold.
   SInv:      It lets you see invisible.
   Ice:       It increases the power of your Ice spells.
   It falls into the 'Staves' category.
   It is a one-handed weapon.
Jewellery
 f - the dreamshard necklace (around neck) {Acrobat *Dream}
   (You found it on level 1 of the Lair of Beasts)

   [amulet of the acrobat]

   *Dream:    It absorbs a single lethal wound into itself, holding its wearer
   just short of death and releasing dream-creatures to guard them.
   Acrobat:   It increases your evasion while moving and waiting.
 j - the ring of Gin and Tonic (right fist) {Will+ Int+6 Slay+6}
   (You found it on level 5 of the Pits of Slime)

   [ring of intelligence]

   Int+6:     It affects your intelligence (+6).
   Slay+6:    It affects your accuracy & damage with ranged weapons and melee
   (+6).
   Will+:     It increases your willpower.
 p - a +6 ring of intelligence
 S - the ring of Ythreuh (left fist) {rF++ EV+5}
   (You found it in the Desolation of Salt)

   [ring of evasion]

   EV+5:      It affects your evasion (+5).
   rF++:      It greatly protects you from fire.
Talismans
 Z - a granite talisman (active)
Wands
 d - a wand of digging (26)
 e - a wand of charming (43)
 h - a wand of light (30)
 i - a wand of roots (45)
 y - a wand of mindburst (31)
Scrolls
 n - 2 scrolls of enchant weapon
 o - a scroll of brand weapon
 D - 6 scrolls of blinking
 E - 5 scrolls of fear
 F - 6 scrolls of fog
 K - 4 scrolls of immolation
 L - 3 scrolls of amnesia
 O - 4 scrolls of silence
 P - 9 scrolls of poison
 V - 8 scrolls of vulnerability
 W - 9 scrolls of enchant armour
 Y - 12 scrolls of teleportation {@r3}
Potions
 x - 10 potions of enlightenment
 B - 6 potions of brilliance
 C - 5 potions of cancellation
 H - 5 potions of haste
 J - 24 potions of curing {@q1}
 M - 13 potions of might
 N - 4 potions of heal wounds {@q2}
 Q - 4 potions of magic
 R - 10 potions of resistance
 U - 11 potions of mutation
Miscellaneous
 m - a phantom mirror
 r - a phial of floods
 s - a tin of tremorstones (2/2)
 v - a lightning rod (4/4)
 z - a box of beasts


   Skills:
 + Level 20.1 Fighting
 + Level 20.0 Short Blades
 + Level 20.0 Long Blades
 + Level 20.0 Axes
 + Level 20.0 Maces & Flails
 + Level 20.0 Polearms
 + Level 20.0 Staves
 + Level 20.4 Ranged Weapons
 + Level 20.0 Throwing
 + Level 20.0 Armour
 + Level 24.4 Dodging
 + Level 20.0 Stealth
 + Level 20.0 Shields
 + Level 20.0 Unarmed Combat
 + Level 20.1 Spellcasting
 + Level 17.1 Conjurations
 + Level 17.8 Hexes
 + Level 17.1 Summonings
 + Level 17.1 Necromancy
 + Level 17.1 Translocations
 + Level 17.1 Transmutations
 + Level 20.7 Fire Magic
 + Level 17.1 Ice Magic
 + Level 17.1 Air Magic
 + Level 17.1 Earth Magic
 + Level 17.1 Poison Magic
 + Level 21.6 Invocations
 + Level 20.0 Evocations
 + Level 18.5 Shapeshifting


You had 5 spell levels left.
You knew the following spells:

 Your Spells              Type           Power      Damage    Failure   Level
a - Ozocubu's Refrigerat  Ice            57%        4d20      2%          7
c - Borgnjor's Vile Clut  Necr/Erth      46%        N/A       1%          5
e - Haunt                 Necr/Summ      46%        N/A       2%          7
f - Dimensional Bullseye  Hex/Tloc       46%        N/A       1%          4
i - Ignition              Fire           50%        3d14      3%          8
n - Apportation           Tloc           100%       N/A       1%          1
q - Maxwell's Capacitive  Air            46%        ∞         11%         8
r - Dispel Undead         Necr           92%        3d29      1%          4
t - Enfeeble              Hex            46%        N/A       2%          7
u - Yara's Violent Unrav  Hex/Tmut       46%        3d18      1%          5
y - Irradiate             Conj/Tmut      46%        3d27      1%          5

Your spell library contained the following spells:

 Spells                   Type           Power      Damage    Failure   Level
 Freeze                   Ice            100%       1d10      1%          1
 Kiss of Death            Conj/Necr      100%       2d13      1%          1
 Magic Dart               Conj           100%       1d8       1%          1
 Necrotise                Necr           100%       1d9       1%          1
 Sandblast                Erth           100%       2d20      1%          1
 Shock                    Conj/Air       100%       1d9       1%          1
 Slow                     Hex            100%       N/A       1%          1
 Sting                    Tmut/Pois      100%       1d8       1%          1
 Summon Small Mammal      Summ           100%       N/A       1%          1
 Blink                    Tloc           100%       N/A       1%          2
 Cigotuvi's Dreadful Rot  Necr/Pois/Air  100%       N/A       1%          2
 Ensorcelled Hibernation  Hex/Ice        100%       N/A       1%          2
 Jinxbite                 Hex            100%       N/A       1%          2
 Lesser Beckoning         Tloc           100%       N/A       1%          2
 Momentum Strike          Conj/Tloc      100%       3d10      1%          2
 Passwall                 Tmut/Erth      76%        N/A       1%          2
 Scorch                   Fire           100%       2d9       1%          2
 Searing Ray              Conj           100%       2d8       1%          2
 Static Discharge         Conj/Air       100%       3-8/arc   1%          2
 Wereblood                Tmut           92%        N/A       1%          2
 Call Canine Familiar     Summ           92%        N/A       1%          3
 Confusing Touch          Hex            93%        N/A       1%          3
 Dazzling Flash           Conj/Hex       100%       N/A       1%          3
 Frozen Ramparts          Ice            100%       1d16      1%          3
 Gell's Gravitas          Tloc           92%        N/A       1%          3
 Hailstorm                Conj/Ice       100%       3d20      1%          3
 Inner Flame              Hex/Fire       97%        N/A       1%          3
 Sigil of Binding         Hex            93%        N/A       1%          3
 Stone Arrow              Conj/Erth      100%       3d13      1%          3
 Summon Guardian Golem    Hex/Summ       93%        N/A       1%          3
 Swiftness                Air            92%        N/A       1%          3
 Teleport Other           Tloc           92%        N/A       1%          3
 Tukima's Dance           Hex            93%        N/A       1%          3
 Vampiric Draining        Necr           92%        2d12      1%          3
 Volatile Blastmotes      Fire/Tloc      100%       2d18      1%          3
 Airstrike                Air            46%        2d(7-23)  1%          4
 Anguish                  Hex/Necr       46%        N/A       1%          4
 Animate Armour           Summ/Erth      100%       N/A       1%          4
 Animate Dead             Necr           92%        N/A       1%          4
 Brom's Barrelling Bould  Conj/Erth      92%        2d10      1%          4
 Cause Fear               Hex            46%        N/A       1%          4
 Flame Wave               Conj/Fire      96%        2d20      1%          4
 Fulminant Prism          Conj/Hex       46%        3d20      1%          4
 Leda's Liquefaction      Hex/Erth       46%        N/A       1%          4
 Olgreb's Toxic Radiance  Pois           92%        N/A       1%          4
 Passage of Golubria      Tloc           92%        N/A       1%          4
 Petrify                  Tmut/Erth      92%        N/A       1%          4
 Summon Ice Beast         Ice/Summ       100%       N/A       1%          4
 Summon Lightning Spire   Summ/Air       92%        N/A       1%          4
 Vhi's Electric Charge    Tloc/Air       100%       N/A       1%          4
 Agony                    Necr           92%        N/A       1%          5
 Alistair's Intoxication  Tmut/Pois      61%        N/A       1%          5
 Arcjolt                  Conj/Air       46%        1d56      1%          5
 Iskenderun's Battlesphe  Conj           92%        2d14      1%          5
 Lee's Rapid Deconstruct  Erth           46%        3d22*     1%          5
 Silence                  Hex/Air        46%        N/A       1%          5
 Summon Forest            Summ/Tloc      46%        N/A       1%          5
 Summon Mana Viper        Hex/Summ       93%        N/A       1%          5
 Bombard                  Conj/Erth      46%        9d8       1%          6
 Death Channel            Necr           46%        N/A       1%          6
 Eringya's Noxious Bog    Tmut/Pois      46%        4d6       1%          6
 Plasma Beam              Fire/Air       48%        2x1d62    1%          6
 Simulacrum               Ice/Necr       57%        N/A       1%          6
 Starburst                Conj/Fire      48%        6d13      1%          6
 Summon Cactus Giant      Summ           46%        N/A       1%          6
 Malign Gateway           Summ/Tloc      46%        N/A       2%          7
 Orb of Destruction       Conj           46%        9d12      2%          7
 Spellforged Servitor     Conj/Summ      46%        N/A       2%          7
 Summon Hydra             Summ           46%        N/A       2%          7
 Discord                  Hex            46%        N/A       9%          8
 Borgnjor's Revivificati  Necr           46%        N/A       11%         8
 Disjunction              Tloc           46%        N/A       11%         8
 Infestation              Necr           46%        N/A       11%         8
 Lehudib's Crystal Spear  Conj/Erth      46%        10d11     11%         8
 Summon Horrible Things   Summ           46%        N/A       11%         8
 Fire Storm               Conj/Fire      48%        8d12      47%         9
 Chain Lightning          Conj/Air       46%        3d61      71%         9
 Death's Door             Necr           46%        N/A       71%         9
 Polar Vortex             Ice            57%        12d7*     71%         9
 Shatter                  Erth           46%        3d35*     71%         9
 Sublimation of Blood     Necr           Unusable   N/A       N/A         2

Dungeon Overview and Level Annotations

Branches:
Dungeon (15/15)            Temple (0/1) D:6            Lair (5/5) D:8
  Swamp (4/4) Lair:2        Snake (4/4) Lair:3        Slime (5/5) Lair:5
    Orc (2/2) D:11            Elf (3/3) Orc:2        Vaults (5/5) D:13
  Crypt (3/3) Vaults:2       Tomb (0/3) Crypt:3      Depths (4/4) D:15
    Zot (5/5) Depths:4    Desolation (visited)

Altars:
Ashenzari
Fedhas
Gozag
Kikubaaqudgha
Ru
Sif Muna
Trog
Vehumet
Yredelemnul
Jiyva

Shops:
D:2 [   D:7 *   D:12 *   D:15 *   Orc:2 [*[**   Elf:1 =   Elf:3 !   Snake:3 [
Vaults:2 :*   Vaults:4 *   Depths:1 *

Portals:
Hell: Depths:1 Depths:2 Depths:3 Depths:4
Abyss: Depths:3 Depths:4
Pandemonium: Depths:2
Ziggurat: Depths:1

Annotations:
Lair:5 Giseadgh's ghost, adept FoFi


Innate Abilities, Weirdness & Mutations

You are a living statue of rough stone.
Your actions are slow, but your melee attacks are powerful.
You are resistant to unholy torment.
Your maximum health is greatly increased.
Your equipment is partially melded.
You are immune to poison.
You have very sharp teeth.
Your uncanny sense of smell can sniff out nearby items.
Your experience applies equally to all skills.
((You are partially covered in iridescent scales. (AC +2)))
You are agile. (Dex +4, Str/Int -1)
You are frail. (-10% HP)
((You are covered in fur. (AC +1)))
You are very vulnerable to heat. (rF--)
Your spells are a little easier to cast, but a little less powerful.


Message History

You climb upwards.
There is a stone staircase leading down here.
An Orb Guardian comes into view.
The Orb Guardian hits you!!
There is a stone staircase leading up here.
You hit the Orb Guardian!! You freeze the Orb Guardian!
The Orb Guardian is heavily wounded.
The Orb Guardian hits you.
You barely miss the Orb Guardian.
The Orb Guardian is heavily wounded.
You hit the Orb Guardian. You freeze the Orb Guardian!
You bite the Orb Guardian, but do no damage.
The Orb Guardian is heavily wounded.
You hit the Orb Guardian. You freeze the Orb Guardian!
You bite the Orb Guardian, but do no damage.
The Orb Guardian is almost dead.
You closely miss the Orb Guardian.
The Orb Guardian is almost dead.
You hit the Orb Guardian. You freeze the Orb Guardian!!
You kill the Orb Guardian!
You feel your intelligence returning.
No target in view!
What level of the Dungeon? (default 1, ? - help)
You climb upwards.
There is a stone staircase leading down here.
There is a stone staircase leading up, spattered with blood here.
You climb upwards.
There is a stone staircase leading down here.
An Orb Guardian comes into view.
Casting: Maxwell's Capacitive Coupling (dangerous; 11% risk of failure)
Confirm with . or Enter, or press ? or * to list all spells.
You begin accumulating electric charge. (Press . to continue charging.)
You feel charge building up...
You feel charge building up...
The electricity discharges through the Orb Guardian!!!!
The Orb Guardian vaporises in an electric haze!
You kill the Orb Guardian!
There is a staircase leading out of the dungeon here.
You have escaped!

.....##### ##### #......#
.........### ##...## #.......
########...###..#..## #......#
###..#..#.#..######......#
#......#...#......#......#
#.#####.....#####.#......#
#..#...........#..######..
#####..#.........#..#######.. #
#......#....8....#...........
#####.##..#...........#...##.....
...##.##.#####.....#####..##.....
♣.....##......#...#.......##.....
~~~~#.####.....#.#..###...##.....
~~.~#.# ##.##..#(.## #.####.....
~♣##..#####.###...#####.# #.....
~..~....................# #.....
).~###################### ####..


There were no monsters in sight!

Vanquished Creatures
  Dissolution (Slime:5)
  the Royal Jelly (Slime:5)
  9 dread liches
  6 ancient liches
  7 orbs of fire (Zot:5)
  2 juggernauts
  A pandemonium lord (Zot:1)
  Josephina (Zot:1)
  Frederick (Vaults:2)
  The ghost of Luiw the Slayer, a veteran HOBe of Trog (Vaults:4)
  3 curse toes
  5 Killer Klowns
  A caustic shrike (Depths:4)
  9 golden dragons
  3 bone dragons
  Norris (Elf:3)
  13 tentacled monstrosities
  3 electric golems
  An Ice Fiend (D:8)
  32 Orb Guardians
  Jorgrun (Snake:1)
  Asterion (Snake:2)
  5 liches
  8 quicksilver dragons
  6 titans (Vaults:5)
  3 deep elf blademasters (Elf:3)
  2 deep elf master archers (Elf:3)
  6 death cobs
  12 acid blobs
  Frances (D:13)
  5 tentacled starspawn (Abyss:3)
  An ancient champion (Crypt:1)
  6 sphinxes
  12 storm dragons
  15 shadow dragons
  14 tengu reavers
  5 rockslimes
  11 fire giants
  20 nagarajas
  Aizul (Snake:2)
  Roxanne (Elf:1)
  8 draconian monks
  16 azure jellies
  4 fenstrider witches
  10 draconian knights
  5 ghost moths
  13 frost giants
  15 vault wardens
  6 draconian scorchers
  An iron dragon (Depths:4)
  A curse skull (Zot:4)
  7 deep elf sorcerers
  4 deep elf elementalists
  2 imperial myrmidons (Desolation)
  A balrug (Depths:4)
  7 draconian shifters
  7 draconian annihilators
  5 war gargoyles
  3 orc warlords
  5 ghouls
  12 ironbound preservers
  2 caustic shrike skeletons (Crypt:3)
  2 spriggan defenders
  8 draconian stormcallers
  4 formless jellyfish
  A cacodemon (Vaults:4)
  10 quicksilver oozes
  A reaper (Depths:2)
  26 very ugly things
  16 stone giants
  A juggernaut skeleton (Depths:3)
  6 ironbound thunderhulks
  7 vampire knights
  6 green draconians
  5 deep elf demonologists
  12 black draconians
  4 eleionomae
  27 purple draconians
  A bunyip (shapeshifter) (Vaults:5)
  10 yellow draconians
  A lorocyproca (Depths:4)
  8 bunyips
  12 red draconians
  2 white draconians
  A halazid warlock (Desolation)
  10 deep elf annihilators
  4 dire elephants (Vaults:3)
  3 spark wasps (Depths:2)
  2 eidola (Crypt:2)
  11 ettins
  7 deep elf death magi
  4 crystal guardians
  3 green deaths
  4 jiangshi
  5 deep elf high priests
  8 fire dragons
  6 yaktaur captains
  2 entropy weavers
  Erolcha (D:10)
  11 ragged hierophants (Desolation)
  13 great orbs of eyes
  8 ice dragons
  Harold (Orc:1)
  3 ghost crabs
  19 hydras
  An ogre mage (D:15)
  A rakshasa (Depths:3)
  3 hell beasts
  A salamander tyrant (Snake:4)
  8 servants of whispers (Desolation)
  2 spriggan skeletons
  10 peacekeepers (Desolation)
  14 centaur warriors
  3 ironbound frosthearts
  30 vault guards
  7 alligators
  3 spriggan air magi
  8 anacondas
  A juggernaut simulacrum (Depths:3)
  6 two-headed ogres
  3 death knights
  28 dancing weapons
  2 boulder beetles
  2 tengu warriors (Depths:2)
  5 death yaks
  3 orc high priests
  7 spriggan berserkers
  24 naga warriors
  2 vampire magi
  10 deep troll earth magi
  5 deep troll shamans
  5 shock serpents
  3 sun demons
  11 hell knights
  11 naga sharpshooters
  An occultist (D:15)
  A demonic crawler (D:9)
  14 spriggans
  14 deep elf knights
  2 hell hogs (Depths:2)
  2 titan zombies
  Urug (Lair:2)
  A storm dragon zombie (Crypt:2)
  2 wretched stars (Abyss:3)
  3 salamander mystics
  22 skeletal warriors
  7 goliath frogs
  4 skysharks
  7 iron trolls
  A quicksilver dragon simulacrum (Zot:1)
  2 sixfirhies
  2 bunyip zombies
  An iron giant zombie (Crypt:3)
  A shadow demon (Depths:4)
  5 spriggan druids
  15 swamp dragons
  49 deep trolls
  6 lindwurms
  7 arcanists
  15 bog bodies
  6 flayed ghosts
  5 naga ritualists
  14 deep elf archers
  A lindwurm (shapeshifter) (Elf:1)
  5 glowing orange brains
  18 ironbound convokers
  7 mana vipers
  5 harpies (Vaults:2)
  2 obsidian statues
  A harpy (shapeshifter) (D:14)
  12 necromancers
  9 phantasmal warriors
  A tengu skeleton (Depths:3)
  39 deep elf zephyrmancers
  5 orc knights
  37 deep elf pyromancers
  2 orc sorcerers
  A worldbinder (Abyss:3)
  3 shining eyes
  6 cyclopes
  2 manticores
  A cyclops (shapeshifter) (D:15)
  3 will-o-the-wisps
  13 salamanders
  63 ugly things
  A formless jellyfish zombie (Crypt:1)
  13 guardian serpents
  A large abomination (Abyss:2)
  A dire elephant zombie (Crypt:3)
  A water nymph (shapeshifter) (Depths:2)
  14 elephants
  28 moths of wrath
  38 black mambas
  3 smoke demons
  16 naga magi
  A stone giant skeleton (Crypt:3)
  A centaur zombie (Crypt:3)
  15 vault sentinels
  7 rime drakes
  A cane toad (shapeshifter) (Elf:1)
  A storm dragon simulacrum (Zot:1)
  8 cane toads
  4 gargoyles
  A kobold demonologist (D:13)
  31 yaktaurs
  A dire elephant skeleton (Crypt:3)
  A white draconian zombie (Crypt:1)
  A hellion (Depths:1)
  A rime drake (shapeshifter) (Vaults:4)
  9 freezing wraiths
  An unseen horror (D:13)
  An ice devil (Abyss:3)
  2 efreet (D:13)
  10 komodo dragons
  3 tengu conjurers
  An ancient zyme (Abyss:3)
  A golden dragon simulacrum (Zot:1)
  A minotaur skeleton (Crypt:2)
  2 black draconian skeletons
  The ghost of Stellion the Covered, an amateur MiFi (D:3)
  3 meliai (D:14)
  2 bloated husks
  A meliai (shapeshifter) (Vaults:4)
  6 trolls
  A mana viper skeleton (Crypt:1)
  6 tyrant leeches
  10 raiju
  20 blink frogs
  13 hornets
  12 polar bears
  12 dream sheep
  77 saltlings
  Prince Ribbit (D:7)
  A fire dragon zombie (Crypt:3)
  A hornet (shapeshifter) (Vaults:4)
  A blink frog (shapeshifter) (Elf:1)
  2 glass eyes
  A boulder beetle zombie (Crypt:2)
  32 flying skulls
  2 fire dragon skeletons (Crypt:2)
  A jumping spider (Vaults:1)
  115 slime creatures
  2 shadows
  3 air elementals
  7 wyverns
  6 wraiths
  A spriggan (shapeshifter) (Elf:3)
  9 basilisks
  38 yaks
  3 vampires
  6 water elementals
  4 ynoxinuls (Depths:1)
  A nameless horror (Vaults:4)
  A wind drake zombie (Crypt:2)
  2 fire elementals
  A death yak simulacrum (Lair:5)
  5 golden eyes (Slime:5)
  2 humans (D:13)
  A redback (Vaults:1)
  Grum (D:8)
  5 chaos spawn
  3 neqoxecs
  3 small abominations
  2 steam dragons
  9 vampire mosquitoes
  6 wargs
  A glowing shapeshifter zombie (Depths:3)
  42 nagas
  The ghost of skwerlee the Shooter, an amateur KoHu (D:3)
  3 acid dragons
  13 hell hounds (Lair:5)
  22 swamp worms
  12 water moccasins
  A human skeleton (Depths:3)
  A faun skeleton (Crypt:2)
  An ice beast (shapeshifter) (Vaults:4)
  10 swamp drakes
  A moth of wrath simulacrum (Zot:1)
  2 glowing shapeshifter skeletons (Depths:3)
  2 ice beasts
  A sky beast (D:7)
  33 orc warriors
  A manticore zombie (Crypt:2)
  9 ogres
  13 black bears
  2 black mamba simulacra (Lair:5)
  24 wolves
  4 boggarts (Vaults:4)
  An ogre (shapeshifter) (Vaults:4)
  23 centaurs
  A wolf (shapeshifter) (Elf:1)
  21 starcursed masses
  A phantom (D:6)
  A kobold brigand (D:11)
  12 bullfrogs
  2 earth elementals
  3 gnoll sergeants
  3 scorpions
  An elf skeleton (Crypt:2)
  3 necrophages (Crypt:3)
  3 spriggan zombies
  12 killer bees
  2 dream sheep simulacra (Lair:5)
  5 howler monkeys
  An electric eel (Lair:2)
  8 jellies
  A gnoll bouda (D:6)
  10 orc priests
  8 hounds
  8 iguanas
  8 orc wizards
  8 hell rats
  3 lightning spires (Zot:4)
  A killer bee zombie (Crypt:2)
  18 gnolls
  3 adders
  11 river rats (Lair:1)
  A white imp (D:5)
  An ufetubus (D:6)
  A lava snake zombie (Crypt:1)
  A worm (shapeshifter) (Elf:1)
  6 dart slugs
  43 orcs
  6 bats
  2 endoplasms
  4 giant cockroaches
  9 goblins
  6 hobgoblins
  10 jackals
  4 quokkas
  10 ball pythons
  3 frilled lizards
  A frilled lizard (shapeshifter) (Elf:1)
  A frilled lizard skeleton (Crypt:1)
  A goblin skeleton (Crypt:1)
  12 kobolds
  4 rats
  A butterfly (Lair:4)
  A lurking horror (Abyss:2)
  3 starspawn tentacles (Abyss:3)
2507 creatures vanquished.

Vanquished Creatures (collateral kills)
  A juggernaut (Depths:4)
  2 golden dragons
  Zenata (Vaults:2)
  A sphinx (Vaults:2)
  2 storm dragons
  A shadow dragon (Vaults:5)
  A rockslime (Lair:5)
  A fenstrider witch (Swamp:3)
  A cacodemon (Vaults:4)
  A war gargoyle (Vaults:5)
  A green draconian (Zot:3)
  2 purple draconians (Zot:3)
  3 dire elephants (Vaults:2)
  A spriggan zombie (Depths:3)
  A fire dragon (Lair:5)
  A peacekeeper (Desolation)
  A catoblepas (Lair:5)
  An ice dragon (Depths:1)
  A hydra (Swamp:4)
  A centaur warrior (Vaults:2)
  A hell knight (Depths:1)
  A salamander mystic (Snake:1)
  A necromancer (Depths:1)
  2 ironbound convokers (Vaults:2)
  4 deep elf pyromancers
  3 elephants (Lair:5)
  2 slime creatures (Vaults:2)
  A komodo dragon (Lair:5)
  A rime drake (Lair:5)
  5 yaktaurs (Vaults:2)
  2 blink frogs (Lair:5)
  2 saltlings (Desolation)
  2 basilisks (Lair:5)
  2 yaks (Lair:5)
  A human (shapeshifter) (Vaults:4)
  A swamp drake (Swamp:4)
  2 wolves (Lair:5)
  A bullfrog (shapeshifter) (Vaults:4)
  5 ballistomycete spores (Orc:1)
64 creatures vanquished.

Vanquished Creatures (others)
  2 thorn hunters
  A fire giant (Depths:4)
  A war gargoyle (Vaults:5)
  A hell knight (Vaults:5)
  A deep elf knight (Elf:3)
  A goliath frog (Swamp:2)
  A skyshark (Lair:5)
  A swamp dragon (Swamp:2)
  An anaconda zombie (Snake:1)
  4 deep elf zephyrmancers
  2 oklob plants
  A naga mage (Snake:4)
  2 bloated husks
  A raiju (Abyss:3)
  A spriggan (Swamp:2)
  A human (Swamp:4)
  2 salamander zombies (Snake:1)
  2 sleepcaps
  A hound (D:6)
  2 naga zombies (Snake:1)
  A gnoll (D:8)
  6 foxfires
  12 starspawn tentacles (Abyss:3)
48 creatures vanquished.

Grand Total: 2619 creatures vanquished

Notes
Turn   | Place    | Note
-------+----------+-------------------------------------------
     0 | D:1      | Forgeling the Gnoll Hexslinger began the quest for the Orb.
     0 | D:1      | Reached XP level 1. HP: 17/17 MP: 4/4
    59 | D:1      | Found a faded altar of an unknown god.
    62 | D:1      | Got Plato's Compendium of Shades
    63 | D:1      | Prayed at the altar of an unknown god.
    63 | D:1      | Became a worshipper of Fedhas Madash
    63 | D:1      | Reached * piety under Fedhas
   111 | D:1      | Reached XP level 2. HP: 23/23 MP: 5/5
   649 | D:1      | Learned a level 2 spell: Jinxbite
   668 | D:2      | Reached XP level 3. HP: 21/28 MP: 4/7
   698 | D:2      | Found Tuloon's Armour Emporium.
   840 | D:2      | Reached skill level 1 in Invocations
   947 | D:2      | Reached ** piety under Fedhas
  1121 | D:2      | Reached skill level 1 in Short Blades
  1121 | D:2      | Reached skill level 1 in Long Blades
  1121 | D:2      | Reached skill level 1 in Axes
  1121 | D:2      | Reached skill level 1 in Maces & Flails
  1121 | D:2      | Reached skill level 1 in Polearms
  1121 | D:2      | Reached skill level 1 in Staves
  1121 | D:2      | Reached skill level 1 in Throwing
  1121 | D:2      | Reached skill level 1 in Armour
  1121 | D:2      | Reached skill level 1 in Stealth
  1121 | D:2      | Reached skill level 1 in Shields
  1121 | D:2      | Reached skill level 1 in Unarmed Combat
  1121 | D:2      | Reached skill level 1 in Evocations
  1334 | D:3      | Found a runed translucent door.
  1334 | D:3      | Noticed skwerlee's ghost (amateur KoHu)
  1382 | D:3      | HP: 1/28 [iguana (3)]
  1385 | D:3      | Reached skill level 1 in Conjurations
  1385 | D:3      | Reached skill level 1 in Summonings
  1385 | D:3      | Reached skill level 1 in Necromancy
  1385 | D:3      | Reached skill level 1 in Translocations
  1385 | D:3      | Reached skill level 1 in Transmutations
  1385 | D:3      | Reached skill level 1 in Ice Magic
  1385 | D:3      | Reached skill level 1 in Air Magic
  1385 | D:3      | Reached skill level 1 in Earth Magic
  1385 | D:3      | Reached skill level 1 in Poison Magic
  1385 | D:3      | Reached skill level 1 in Shapeshifting
  1385 | D:3      | Reached XP level 4. HP: 2/34 MP: 4/8
  1561 | D:3      | Reached XP level 5. HP: 40/40 MP: 7/9
  1746 | D:3      | Learned a level 2 spell: Wereblood
  1899 | D:3      | Found a radiant altar of Vehumet.
  1899 | D:3      | Found a blossoming altar of Fedhas.
  1903 | D:3      | Found a bloodstained altar of Trog.
  1904 | D:3      | Found a sacrificial altar of Ru.
  2121 | D:4      | Identified the +0 falchion of Obiter Dictum {vamp, Contam
                  | *Corrode rPois Int+8}
  2155 | D:4      | Reached XP level 6. HP: 47/47 MP: 7/11
  2269 | D:4      | Reached *** piety under Fedhas
  2287 | D:4      | Reached skill level 5 in Ranged Weapons
  2287 | D:4      | Reached skill level 5 in Dodging
  2314 | D:4      | Found a broken altar of Ashenzari.
  2366 | D:4      | Found a runed translucent door.
  2366 | D:4      | Noticed Stellion's ghost (amateur MiFi)
  2366 | D:4      | Noticed an orc warrior
  2648 | D:4      | Noticed a black bear
  2662 | D:4      | Killed a black bear
  2663 | D:4      | Reached XP level 7. HP: 35/52 MP: 8/12
  3223 | D:5      | Entered Level 5 of the Dungeon
  4214 | D:6      | Found a staircase to the Ecumenical Temple.
  4392 | D:6      | Reached XP level 8. HP: 57/60 MP: 11/14
  4398 | D:6      | Reached **** piety under Fedhas
  4750 | D:7      | Noticed a wyvern
  4755 | D:6      | Learned a level 2 spell: Scorch
  4968 | D:7      | Noticed a wyvern
  5013 | D:7      | Killed a wyvern
  5014 | D:7      | Reached skill level 6 in Dodging
  5257 | D:7      | Reached XP level 9. HP: 62/66 MP: 8/16
  5430 | D:7      | Found Relo's General Store.
  5456 | D:7      | Reached skill level 5 in Spellcasting
  5700 | D:7      | Reached skill level 5 in Fighting
  5934 | D:7      | Bought a scroll of fog for 64 gold pieces
  5934 | D:7      | Bought a scroll of identify for 32 gold pieces
  6127 | D:3      | Killed skwerlee's ghost
  6451 | D:3      | Killed Stellion's ghost
  6452 | D:3      | Reached skill level 5 in Invocations
  7202 | D:8      | Noticed Prince Ribbit
  7213 | D:8      | Noticed Grum
  7225 | D:7      | Killed Prince Ribbit
  7226 | D:7      | Reached XP level 10. HP: 42/75 MP: 11/18
  7350 | D:8      | Reached skill level 5 in Short Blades
  7350 | D:8      | Reached skill level 5 in Long Blades
  7350 | D:8      | Reached skill level 5 in Axes
  7350 | D:8      | Reached skill level 5 in Maces & Flails
  7350 | D:8      | Reached skill level 5 in Polearms
  7350 | D:8      | Reached skill level 5 in Staves
  7350 | D:8      | Reached skill level 5 in Throwing
  7350 | D:8      | Reached skill level 5 in Armour
  7350 | D:8      | Reached skill level 5 in Stealth
  7350 | D:8      | Reached skill level 5 in Shields
  7350 | D:8      | Reached skill level 5 in Unarmed Combat
  7350 | D:8      | Reached skill level 5 in Evocations
  7480 | D:8      | Reached skill level 7 in Dodging
  7673 | D:8      | Killed Grum
  7673 | D:8      | Reached ***** piety under Fedhas
  7746 | D:8      | Reached skill level 5 in Fire Magic
  7985 | D:8      | Reached skill level 5 in Shapeshifting
  8466 | D:8      | Found a staircase to the Lair.
  8697 | D:7      | Bought a +0 orcbow of electrocution for 171 gold pieces
  8867 | D:8      | Learned a level 4 spell: Dimensional Bullseye
  8872 | D:8      | Learned a level 4 spell: Cause Fear
  9353 | D:9      | Reached XP level 11. HP: 73/83 MP: 13/20
 10034 | D:10     | Entered Level 10 of the Dungeon
 10046 | D:10     | Reached skill level 5 in Conjurations
 10046 | D:10     | Reached skill level 5 in Summonings
 10046 | D:10     | Reached skill level 5 in Necromancy
 10046 | D:10     | Reached skill level 5 in Translocations
 10046 | D:10     | Reached skill level 5 in Transmutations
 10046 | D:10     | Reached skill level 5 in Ice Magic
 10046 | D:10     | Reached skill level 5 in Air Magic
 10046 | D:10     | Reached skill level 5 in Earth Magic
 10046 | D:10     | Reached skill level 5 in Poison Magic
 10257 | D:10     | Found a shimmering blue altar of Sif Muna.
 10313 | D:10     | Noticed Erolcha
 10326 | D:10     | Killed Erolcha
 10967 | D:11     | Found a staircase to the Orcish Mines.
 11028 | D:11     | Noticed a red ugly thing
 11300 | D:11     | Reached skill level 8 in Dodging
 11600 | D:11     | You fall into a shaft and drop 3 floors!
 11605 | D:14     | Noticed a cyclops
 11621 | D:14     | Killed a cyclops
 11690 | D:14     | Noticed a brown ugly thing
 11941 | D:14     | Noticed a boulder beetle
 11981 | D:14     | Noticed a two-headed ogre
 12108 | D:13     | Learned a level 4 spell: Animate Dead
 12113 | D:13     | Learned a level 4 spell: Flame Wave
 12389 | D:13     | Noticed a death knight
 12408 | D:14     | Noticed a green ugly thing
 12425 | D:14     | Noticed a green ugly thing
 12430 | D:14     | Killed a green ugly thing
 12553 | D:14     | Killed a green ugly thing
 12689 | D:14     | Noticed a green ugly thing
 12691 | D:14     | Noticed a brown ugly thing
 12691 | D:14     | Noticed a green ugly thing
 12691 | D:14     | Noticed a brown ugly thing
 12702 | D:14     | Killed a brown ugly thing
 12706 | D:14     | Noticed a brown ugly thing
 12721 | D:14     | Noticed a brown ugly thing
 12722 | D:14     | Killed a brown ugly thing
 12723 | D:14     | Reached XP level 12. HP: 91/91 MP: 17/23
 12981 | D:14     | Noticed a centaur warrior
 12996 | D:14     | Killed a centaur warrior
 12998 | D:14     | Noticed a centaur warrior
 13014 | D:14     | Killed a centaur warrior
 13184 | D:12     | Reached ****** piety under Fedhas
 14137 | D:11     | Reached skill level 9 in Dodging
 14428 | Lair:1   | Entered Level 1 of the Lair of Beasts
 15302 | Lair:1   | Reached XP level 13. HP: 99/99 MP: 14/25
 15318 | Lair:1   | Learned a level 5 spell: Borgnjor's Vile Clutch
 15624 | Lair:1   | Found the dreamshard necklace {Acrobat *Dream}
 16455 | Lair:2   | Noticed Urug
 16490 | Lair:2   | Killed Urug
 16977 | Lair:2   | Identified the +1 pair of gloves "Jooqunk" {Rampage Str+8
                  | Int-5}
 17489 | Lair:2   | Found a staircase to the Swamp.
 18903 | Lair:3   | Found a staircase to the Snake Pit.
 19053 | Lair:3   | Reached skill level 10 in Ranged Weapons
 19053 | Lair:3   | Reached skill level 10 in Dodging
 19724 | Lair:3   | Reached XP level 14. HP: 65/108 MP: 2/27
 19864 | Lair:3   | You fall into a shaft and drop 2 floors!
 19864 | Lair:5   | Entered Level 5 of the Lair of Beasts
 19898 | Lair:5   | Noticed Giseadgh's ghost (adept FoFi)
 19998 | Lair:5   | Reached skill level 10 in Invocations
 20075 | Lair:5   | Noticed a quicksilver ooze
 20126 | Lair:5   | Found a runed translucent gate.
 20126 | Lair:5   | Found a runed translucent gate.
 20126 | Lair:5   | Found a runed translucent gate.
 20144 | Lair:5   | Noticed a rockslime
 22141 | Lair:4   | Learned a level 4 spell: Olgreb's Toxic Radiance
 22283 | Orc:1    | Entered Level 1 of the Orcish Mines
 22328 | Orc:2    | Entered Level 2 of the Orcish Mines
 22328 | Orc:2    | Found Ringighu's General Store.
 23042 | Orc:1    | Noticed Harold
 23056 | Orc:1    | Killed Harold
 23208 | Orc:2    | Reached skill level 10 in Spellcasting
 23560 | Orc:2    | Reached skill level 10 in Fighting
 23564 | Orc:2    | Found a staircase to the Elven Halls.
 23792 | Orc:1    | Identified the +1 scimitar "Pafurige" {holy, rPois rF+
                  | Int-5 Dex+3 Stlth+}
 24208 | Orc:2    | Found Caihegir's General Store.
 24208 | Orc:2    | Found Zeexipsi's Antique Armour Emporium.
 24210 | Orc:2    | Found Xyiqil's General Store.
 24212 | Orc:2    | Found Guylod's Armour Shop.
 24216 | Orc:2    | Bought a scroll of teleportation for 42 gold pieces
 24481 | Orc:1    | Noticed an orc warlord
 24519 | Orc:1    | Killed an orc warlord
 24921 | Orc:2    | Bought an embroidered hat for 273 gold pieces
 24962 | Orc:2    | Bought a lightning rod (4/4) for 520 gold pieces
 24994 | Orc:2    | Bought a scroll of identify for 28 gold pieces
 25024 | Orc:2    | Bought a potion of resistance for 130 gold pieces
 25190 | Lair:5   | Noticed an azure jelly
 25317 | Lair:5   | Killed a rockslime
 25318 | Lair:5   | Reached skill level 10 in Hexes
 25330 | Lair:5   | Killed a quicksilver ooze
 25331 | Lair:5   | Reached XP level 15. HP: 97/115 MP: 24/29
 25343 | Lair:5   | Reached skill level 11 in Dodging
 25344 | Lair:5   | Reached skill level 10 in Short Blades
 25344 | Lair:5   | Reached skill level 10 in Long Blades
 25344 | Lair:5   | Reached skill level 10 in Axes
 25344 | Lair:5   | Reached skill level 10 in Maces & Flails
 25344 | Lair:5   | Reached skill level 10 in Polearms
 25344 | Lair:5   | Reached skill level 10 in Staves
 25344 | Lair:5   | Reached skill level 10 in Throwing
 25344 | Lair:5   | Reached skill level 10 in Armour
 25344 | Lair:5   | Reached skill level 10 in Stealth
 25344 | Lair:5   | Reached skill level 10 in Shields
 25344 | Lair:5   | Reached skill level 10 in Unarmed Combat
 25344 | Lair:5   | Reached skill level 10 in Evocations
 25480 | Lair:5   | Noticed a rockslime
 26636 | Lair:5   | Found a viscous altar of Jiyva.
 26636 | Lair:5   | Found a staircase to the Slime Pits.
 26918 | Lair:5   | Killed a rockslime
 26951 | Lair:5   | Found a viscous altar of Jiyva.
 29809 | Lair:5   | Got the ring "Laek" {Fire Str+2 Int+5}
 30099 | D:12     | Found Paiseg's Assorted Antiques.
 30102 | D:12     | Bought a scroll labelled TOTAIZ NITWO for 29 gold pieces
 30102 | D:12     | Bought a scroll of identify for 58 gold pieces
 30106 | D:12     | Bought a scroll of blinking for 217 gold pieces
 30106 | D:12     | Bought a scroll of blinking for 217 gold pieces
 32221 | D:13     | Reached XP level 16. HP: 125/125 MP: 23/31
 32474 | D:13     | Noticed Frances
 32486 | D:13     | Killed Frances
 32671 | D:13     | Found a gate to the Vaults.
 32942 | D:14     | Found Aqimoumm's Book Shoppe.
 33443 | D:14     | Reached skill level 10 in Shapeshifting
 33550 | D:15     | Entered Level 15 of the Dungeon
 34740 | D:15     | Reached skill level 12 in Dodging
 35715 | D:15     | Found a staircase to the Depths.
 35989 | D:15     | Found Sodarat's Pet Rocks.
 36338 | Swamp:1  | Entered Level 1 of the Swamp
 36750 | Swamp:1  | Killed a thorn hunter
 36879 | Swamp:1  | Learned a level 3 spell: Stone Arrow
 38046 | Swamp:2  | Reached skill level 10 in Fire Magic
 38050 | Swamp:2  | Reached XP level 17. HP: 99/133 MP: 14/32
 38449 | Swamp:2  | Identified the +9 scale mail "Womnudeu" {Dex+3}
 38762 | Swamp:2  | Found a basalt altar of Yredelemnul.
 39824 | Swamp:3  | Reached skill level 10 in Conjurations
 39824 | Swamp:3  | Reached skill level 10 in Summonings
 39824 | Swamp:3  | Reached skill level 10 in Necromancy
 39824 | Swamp:3  | Reached skill level 10 in Translocations
 39824 | Swamp:3  | Reached skill level 10 in Transmutations
 39824 | Swamp:3  | Reached skill level 10 in Ice Magic
 39824 | Swamp:3  | Reached skill level 10 in Air Magic
 39824 | Swamp:3  | Reached skill level 10 in Earth Magic
 39824 | Swamp:3  | Reached skill level 10 in Poison Magic
 41563 | Swamp:4  | Entered Level 4 of the Swamp
 42695 | Swamp:4  | Found a runed translucent door.
 43382 | Swamp:4  | Reached skill level 13 in Dodging
 43914 | Swamp:4  | Reached XP level 18. HP: 141/141 MP: 26/34
 44258 | Swamp:4  | Got a decaying rune of Zot
 44266 | Swamp:4  | Learned a level 4 spell: Airstrike
 44523 | Snake:1  | Entered Level 1 of the Snake Pit
 45696 | Snake:1  | Noticed Jorgrun
 46088 | Snake:1  | Killed Jorgrun
 46525 | Snake:2  | Identified the serpent talisman of Wonderful Awe {rElec
                  | rC+}
 46525 | Snake:2  | Noticed Aizul
 46536 | Snake:2  | Killed Aizul
 47852 | Snake:3  | Noticed Asterion
 47877 | Snake:2  | Killed Asterion
 48950 | Snake:3  | Found Ulemufad's Antique Armour Boutique.
 48957 | Snake:3  | Bought a pair of crude boots for 256 gold pieces
 48957 | Snake:3  | Identified the +2 pair of boots "Dineeh" {*Slow Dex+4} (You
                  | bought it in a shop on level 3 of the Snake Pit)
 48960 | Snake:3  | Bought an embroidered hat for 189 gold pieces
 48968 | Snake:3  | Bought an embroidered scarf for 216 gold pieces
 49344 | Snake:4  | Entered Level 4 of the Snake Pit
 50486 | Snake:4  | Reached XP level 19. HP: 149/149 MP: 23/36
 52460 | Snake:4  | Reached skill level 14 in Dodging
 53779 | Snake:4  | Got a serpentine rune of Zot
 54067 | Desolati | Identified the "Susehue"
 54067 | Desolati | Identified the "Miyllaja"
 54067 | Desolati | Identified the of Etupromn
 54067 | Vaults:5 | Identified the "Aloyschopn"
 54067 | Vaults:5 | Identified the of Bompet
 54067 | Crypt:3  | Identified the "Edghotin"
 54067 | Crypt:3  | Identified the "Igurin"
 54067 | Depths:4 | Identified the "Oxiu"
 54067 | Elf:1    | Identified the "Anuy"
 54067 | Elf:1    | Identified the "Fimeaf"
 54067 | Elf:1    | Entered Level 1 of the Elven Halls
 54217 | Elf:1    | Paralysed by an air elemental for 1 turns
 54224 | Elf:1    | Paralysed by an air elemental for 1 turns
 54234 | Elf:1    | Paralysed by an air elemental for 1 turns
 54700 | Elf:1    | Found Passuw's Jewellery Emporium.
 54872 | Elf:1    | Noticed Roxanne
 56001 | Elf:1    | Learned a level 5 spell: Irradiate
 56206 | Elf:1    | You fall into a shaft and drop 1 floor!
 56426 | Elf:2    | Paralysed by an air elemental for 1 turns
 56588 | Elf:2    | Reached XP level 20. HP: 158/158 MP: 27/37
 56935 | Elf:2    | Found a runed translucent gate.
 56935 | Elf:2    | Found a runed translucent gate.
 56935 | Elf:2    | Found a runed translucent gate.
 57548 | Elf:2    | Reached skill level 15 in Invocations
 58281 | Elf:1    | Found an ancient bone altar of Kikubaaqudgha.
 58849 | Elf:2    | Paralysed by an air elemental for 1 turns
 60143 | Elf:3    | Identified the "Owam"
 60143 | Elf:3    | Entered Level 3 of the Elven Halls
 60352 | Vaults:1 | Entered Level 1 of the Vaults
 62605 | Vaults:2 | Learned a level 6 spell: Summon Cactus Giant
 62666 | Vaults:2 | Found Ulunlior's Book Shoppe.
 62669 | Vaults:2 | Bought a manual of Dodging for 960 gold pieces
 62669 | Vaults:2 | Bought a book of Misfortune for 432 gold pieces
 62677 | Vaults:2 | Learned a level 5 spell: Yara's Violent Unravelling
 62836 | Vaults:2 | Reached skill level 15 in Dodging
 63075 | Vaults:2 | Found a crumbling gateway.
 63144 | Desolati | Entered the Desolation of Salt
 63625 | Desolati | Reached skill level 15 in Ranged Weapons
 64165 | Desolati | Reached XP level 21. HP: 132/166 MP: 31/39
 64413 | Desolati | Found the +10 morningstar "Eos" {elec, Halo rElec}
 64777 | Desolati | Identified the ring of Ythreuh {rF++ EV+5}
 66948 | Desolati | Identified the +1 halberd of Obivoowe {flame, rC+ Str+2}
 67428 | Desolati | Identified the +7 chain mail of the Orb Guardian {rF-
                  | Regen+ Stlth+}
 67867 | Desolati | Identified the +2 robe "Caahobb" {Str+5 Dex-2 Archmagi}
 68151 | Desolati | Glimpsed the power of Zot.
 68228 | Desolati | Identified the +5 plate armour "Gueneqoskez" {Int-3 Dex+5}
 68230 | Desolati | Identified the ring of the Devil's Team {Wiz Fly rC- Str+3}
 68509 | Vaults:2 | Noticed Frederick
 68542 | Vaults:2 | Killed Frederick
 68543 | Vaults:2 | Reached skill level 15 in Spellcasting
 68832 | Vaults:2 | Found a staircase to the Crypt.
 68832 | Vaults:2 | Found a basalt altar of Yredelemnul.
 68832 | Vaults:2 | Found an ancient bone altar of Kikubaaqudgha.
 68990 | Vaults:2 | Reached skill level 15 in Fighting
 69094 | Vaults:2 | Reached skill level 16 in Dodging
 69103 | Vaults:2 | Noticed Zenata
 69109 | Vaults:2 | Killed Zenata
 69706 | Vaults:2 | Found Saalucko's Assorted Antiques.
 69914 | Vaults:2 | Bought a pair of glowing gloves for 255 gold pieces
 70521 | Vaults:3 | Identified the +9 dagger "Cecrogi" {elec, Fly rPois MP-9}
 71104 | Vaults:3 | Reached skill level 15 in Short Blades
 71104 | Vaults:3 | Reached skill level 15 in Long Blades
 71104 | Vaults:3 | Reached skill level 15 in Axes
 71104 | Vaults:3 | Reached skill level 15 in Maces & Flails
 71104 | Vaults:3 | Reached skill level 15 in Polearms
 71104 | Vaults:3 | Reached skill level 15 in Staves
 71104 | Vaults:3 | Reached skill level 15 in Throwing
 71104 | Vaults:3 | Reached skill level 15 in Armour
 71104 | Vaults:3 | Reached skill level 15 in Stealth
 71104 | Vaults:3 | Reached skill level 15 in Shields
 71104 | Vaults:3 | Reached skill level 15 in Unarmed Combat
 71104 | Vaults:3 | Reached skill level 15 in Evocations
 71853 | Vaults:3 | Reached XP level 22. HP: 175/175 MP: 41/41
 72669 | Vaults:4 | Found a runed translucent gate.
 72669 | Vaults:4 | Found a runed translucent gate.
 72670 | Vaults:4 | Found a runed translucent gate.
 73614 | Vaults:4 | Found Uckan's Assorted Antiques.
 73619 | Vaults:4 | Bought a potion of heal wounds for 150 gold pieces
 74634 | Vaults:4 | Reached skill level 17 in Dodging
 74847 | Vaults:4 | Found a runed translucent gate.
 74847 | Vaults:4 | Found a runed translucent gate.
 74851 | Vaults:4 | Noticed Luiw's ghost (veteran HOBe)
 74853 | Vaults:4 | Found a runed translucent gate.
 75032 | Vaults:4 | Gained mutation: You are clumsy. (Dex -2) [a cacodemon]
 75131 | Vaults:2 | Bought a book of Touch for 264 gold pieces
 75136 | Vaults:2 | Learned a level 4 spell: Dispel Undead
 75214 | Vaults:4 | Killed Luiw's ghost
 75382 | Vaults:4 | Learned a level 1 spell: Apportation
 75389 | Vaults:4 | Identified the +0 cloak of Pem Myta {rCorr SInv}
 75652 | Depths:1 | Entered Level 1 of the Depths
 75681 | Depths:1 | Found Fylaw's CLEARANCE SALE!.
 77030 | Depths:1 | Found a one-way gateway to a ziggurat.
 77843 | Depths:1 | Found a gateway to Hell.
 79060 | Depths:2 | Reached XP level 23. HP: 133/183 MP: 32/42
 79875 | Depths:2 | Found a one-way gate leading to the halls of Pandemonium.
 81031 | Depths:2 | Reached skill level 18 in Dodging
 81059 | Depths:2 | Identified the staff of Massacring {Str+3 Conj}
 81151 | Depths:2 | Identified a scroll of acquirement
 81152 | Depths:2 | Acquired the scarf "Ihaca" {repulsion, rC+ Stlth+}
 81942 | Depths:2 | Reached skill level 15 in Fire Magic
 82953 | Depths:3 | Found an opulent altar of Gozag.
 83856 | Depths:3 | Found a one-way gate to the infinite horrors of the Abyss.
 84013 | Depths:3 | Noticed a juggernaut
 84039 | Depths:3 | Killed a juggernaut
 85218 | Depths:4 | Entered Level 4 of the Depths
 85678 | Depths:4 | Reached skill level 15 in Shapeshifting
 85761 | Depths:4 | Noticed a juggernaut
 85791 | Depths:4 | Killed a juggernaut
 86715 | Depths:4 | Reached XP level 24. HP: 135/193 MP: 32/43
 89052 | Depths:4 | Found a gate to the Realm of Zot.
 89520 | Depths:4 | Noticed a juggernaut
 89543 | Depths:4 | Killed a juggernaut
 89687 | Depths:4 | Noticed a caustic shrike
 89699 | Depths:4 | Reached skill level 15 in Hexes
 89827 | Depths:4 | Killed a caustic shrike
 89932 | Depths:4 | Identified the +6 flail "Gonk" {flame, rN+ Dex+5}
 90095 | Depths:4 | Reached skill level 19 in Dodging
 90927 | Elf:1    | Killed Roxanne
 90987 | Elf:3    | Found Ecautru's Distillery.
 91019 | Elf:3    | Noticed Norris
 91251 | D:7      | Bought a phial of floods for 640 gold pieces
 91468 | D:15     | Bought a tin of tremorstones (2/2) for 680 gold pieces
 91706 | Elf:3    | Killed Norris
 92169 | Abyss:2  | Cast into level 2 of the Abyss (a deep elf sorcerer)
 92472 | Abyss:3  | Got an abyssal rune of Zot
 92483 | Elf:3    | Escaped the Abyss
 92735 | Elf:3    | Identified the +2 leather armour "Put-Me-On" {+Blink rElec
                  | Str+5 Slay-3}
 93129 | Elf:3    | Identified the +0 ring mail of the Endless Curses {rElec
                  | rC+++ Int+4 Dex+2}
 93534 | Elf:3    | Found the +2 hood of the Assassin {Detect Stab+ Stlth++}
 93927 | Orc:2    | Bought a box of beasts for 520 gold pieces
 94299 | Crypt:1  | Entered Level 1 of the Crypt
 94408 | Crypt:1  | Learned a level 7 spell: Ozocubu's Refrigeration
 94416 | Crypt:1  | Learned a level 7 spell: Enfeeble
 95120 | Crypt:1  | Reached XP level 25. HP: 201/201 MP: 34/44
 96506 | Crypt:3  | Entered Level 3 of the Crypt
 96549 | Crypt:2  | Reached skill level 20 in Dodging
 97077 | Crypt:3  | Found an ancient bone altar of Kikubaaqudgha.
 97077 | Crypt:3  | Noticed an ancient lich
 97085 | Crypt:3  | Killed an ancient lich
 97586 | Crypt:3  | Found the +7 great mace "Undeadhunter" {deathbane, rN+}
 97843 | Crypt:3  | Found a staircase to the Tomb.
 97937 | Crypt:3  | Learned a level 7 spell: Haunt
 98055 | Vaults:5 | Entered Level 5 of the Vaults
 98583 | Vaults:5 | Noticed an ancient lich
 98589 | Vaults:5 | Killed an ancient lich
 98719 | Vaults:5 | Paralysed by a sphinx for 3 turns
 98725 | Vaults:5 | Reached skill level 15 in Conjurations
 98725 | Vaults:5 | Reached skill level 15 in Summonings
 98725 | Vaults:5 | Reached skill level 15 in Necromancy
 98725 | Vaults:5 | Reached skill level 15 in Translocations
 98725 | Vaults:5 | Reached skill level 15 in Transmutations
 98725 | Vaults:5 | Reached skill level 15 in Ice Magic
 98725 | Vaults:5 | Reached skill level 15 in Air Magic
 98725 | Vaults:5 | Reached skill level 15 in Earth Magic
 98725 | Vaults:5 | Reached skill level 15 in Poison Magic
 99010 | Vaults:5 | Noticed a dread lich
 99013 | Vaults:5 | Paralysed by a dread lich for 3 turns
 99020 | Vaults:5 | Killed a dread lich
 99021 | Vaults:5 | Reached XP level 26. HP: 211/211 MP: 22/44
 99206 | Vaults:5 | Noticed a dread lich
 99214 | Vaults:5 | Killed a dread lich
 99249 | Vaults:5 | Reached skill level 21 in Dodging
 99260 | Vaults:5 | Noticed a dread lich
 99280 | Vaults:5 | Killed a dread lich
 99390 | Vaults:5 | Identified the ring of the Evil One {Fire rCorr Dex+3}
 99431 | Vaults:5 | Noticed a dread lich
 99442 | Vaults:5 | Killed a dread lich
 99520 | Vaults:5 | Identified the staff of Utwucke {rF+ rC+ SInv Ice}
 99535 | Vaults:5 | Identified the +1 plate armour of Worphur {Fly Will- Str+5
                  | Dex+3}
 99671 | Vaults:5 | Noticed an ancient lich
 99677 | Vaults:5 | Killed an ancient lich
 99685 | Vaults:5 | Identified the +4 hand axe "Dobethro" {drain, rC+ Dex+5}
100154 | Vaults:5 | Got a silver rune of Zot
100870 | Vaults:5 | Identified the staff of Extermination {Will- MP+9 Int+2
                  | Conj}
100903 | Vaults:5 | Learned a level 8 spell: Maxwell's Capacitive Coupling
101163 | Orc:2    | Bought the orb of the Tortured God {*channel, *Slow +Blink
                  | rN+ Int+7} for 702 gold pieces
101471 | Zot:1    | Entered Level 1 of the Realm of Zot
101503 | Zot:1    | Identified the ring of Luajokhu {Ice Str+4 SInv}
101503 | Zot:1    | Noticed Josephina
101512 | Zot:1    | Killed Josephina
101711 | Zot:1    | Identified the +8 morningstar of Taocil {holy, rElec rF+
                  | rCorr Int+2 Stlth-}
101747 | Zot:1    | Identified the +7 scale mail of Zin's Whim {Harm Will+
                  | rCorr}
102797 | Zot:3    | Reached XP level 27. HP: 124/219 MP: 8/45
103087 | Zot:3    | Reached skill level 22 in Dodging
103694 | Zot:2    | Learned a level 8 spell: Ignition
106197 | Slime:1  | Entered Level 1 of the Pits of Slime
106813 | Slime:5  | Entered Level 5 of the Pits of Slime
107083 | Slime:5  | Noticed Dissolution
107089 | Slime:5  | Killed Dissolution
107166 | Slime:5  | Found a viscous altar of Jiyva.
107235 | Slime:5  | Noticed the Royal Jelly
107243 | Slime:5  | Killed the Royal Jelly
107560 | Slime:5  | Identified the +1 leather armour of the Boiling Point
                  | {Drain rF+ rC++ Str+2}
107564 | Slime:5  | Identified the amulet of the Ego {rC- rN++ Regen+}
107568 | Slime:5  | Identified the +2 cloak of Jigsaw {Int+3}
107601 | Slime:5  | Identified the +6 scale mail "Opepo" {rCorr}
107624 | Slime:5  | Found the +16 obsidian axe {drain, demonic, Mesm Drain Fly
                  | SInv}
107629 | Slime:5  | Identified the +4 falchion "Grim" {freeze, Int+5}
107630 | Slime:5  | Identified the +6 short sword of the Moon {flame, rPois
                  | Dex+4 Stlth+}
107708 | Slime:5  | Identified the +6 glaive of Drought {antimagic, rPois rC++
                  | rCorr}
107778 | Slime:5  | Got a slimy rune of Zot
107782 | Slime:5  | Identified the +9 sling of Exoneration {freeze, rN+ Str-5
                  | Dex+6}
107784 | Slime:5  | Identified the ring of Gin and Tonic {Will+ Int+6 Slay+6}
108463 | Zot:4    | Reached skill level 23 in Dodging
109281 | Zot:4    | Identified the orb "Bim Tiom" {mayhem, Int+4}
109444 | Zot:5    | Entered Level 5 of the Realm of Zot
109448 | Zot:5    | Noticed an orb of fire
109463 | Zot:5    | Noticed an orb of fire
109464 | Zot:5    | Gained mutation: You are occasionally teleported next to
                  | monsters. [an orb of fire]
109548 | Zot:4    | Lost mutation: You are occasionally teleported next to
                  | monsters. [potion of mutation]
109548 | Zot:4    | Lost mutation: You are clumsy. (Dex -2) [potion of
                  | mutation]
109548 | Zot:4    | Gained mutation: You are partially covered in iridescent
                  | scales. (AC +2) [potion of mutation]
109548 | Zot:4    | Gained mutation: You are covered in fur. (AC +1) [potion of
                  | mutation]
109611 | Zot:5    | Noticed an orb of fire
109616 | Zot:5    | Gained mutation: You are vulnerable to heat. (rF-) [an orb
                  | of fire]
109617 | Zot:5    | Killed an orb of fire
109655 | Zot:5    | Gained mutation: You occasionally lose the ability to drink
                  | potions when taking damage. [an orb of fire]
109656 | Zot:5    | Killed an orb of fire
109666 | Zot:5    | Gained mutation: Your magical capacity is low. (-10% MP)
                  | [an orb of fire]
109667 | Zot:5    | Gained mutation: You are very vulnerable to heat. (rF--)
                  | [an orb of fire]
109672 | Zot:5    | Killed an orb of fire
109770 | Zot:5    | Noticed an orb of fire
109778 | Zot:5    | Killed an orb of fire
110282 | Zot:5    | Noticed an orb of fire
110292 | Zot:5    | Killed an orb of fire
110350 | Zot:4    | Lost mutation: You occasionally lose the ability to drink
                  | potions when taking damage. [potion of mutation]
110350 | Zot:4    | Lost mutation: Your magical capacity is low. (-10% MP)
                  | [potion of mutation]
110350 | Zot:4    | Gained mutation: You are frail. (-10% HP) [potion of
                  | mutation]
110350 | Zot:4    | Gained mutation: You are agile. (Dex +4, Str/Int -1)
                  | [potion of mutation]
110443 | Zot:5    | Noticed an ancient lich
110534 | Zot:5    | Killed an ancient lich
110545 | Zot:5    | Noticed an ancient lich
110548 | Zot:5    | Noticed a dread lich
110550 | Zot:5    | Killed an ancient lich
110554 | Zot:5    | Killed a dread lich
110569 | Zot:5    | Noticed a dread lich
110577 | Zot:5    | Killed a dread lich
110707 | Zot:5    | Noticed an orb of fire
110708 | Zot:5    | Gained mutation: Your spells are a little easier to cast,
                  | but a little less powerful. [an orb of fire]
110710 | Zot:5    | Killed an orb of fire
110766 | Zot:5    | Noticed a dread lich
110769 | Zot:5    | Killed a dread lich
110839 | Zot:5    | Noticed a dread lich
110839 | Zot:5    | Noticed an ancient lich
110839 | Zot:5    | Noticed a dread lich
110839 | Zot:5    | Noticed an orb of fire
110843 | Zot:5    | Killed an orb of fire
110858 | Zot:5    | Killed a dread lich
110859 | Zot:5    | Reached skill level 24 in Dodging
110860 | Zot:5    | Killed a dread lich
110999 | Zot:5    | Killed an ancient lich
111248 | Zot:5    | Identified the +3 shortbow of Fisy {elec, +Blink}
111645 | Zot:5    | Got the Orb of Zot
111743 | Zot:1    | Noticed Sicy the pandemonium lord
111783 | Zot:1    | Killed Sicy the pandemonium lord
111921 | D:15     | Noticed Jueboj the pandemonium lord
112269 | D:$      | Escaped with the Orb!

Illustrated notes

Levels and vault maps discovered:
D:1:      scummos_arrival_star, layout_basic,
          shapermc_ecumenical_altar_rom_forum, chequers_serial_rivers_marsh
D:2:      layout_rooms, serial_shops, shop, palyth_stone_intersect,
          kennysheep_another_room, kennysheep_generic_room_3
D:3:      layout_rooms, minitemple, gammafunk_ghost_grave,
          chequers_decorated_corner
D:4:      layout_basic, cheibrodos_ashenzari_chains, ebering_ghost_inner_flame
D:5:      layout_basic
D:6:      minmay_razor_zed, layout_rooms, minmay_temple_entry_drinking_statues,
          minmay_misc_feat_x, due_unseen_surprise
D:7:      layout_rooms, serial_shops, nicolae_inconvenience_store, st_stairs_1
D:8:      layout_loops_ring, lair_entry_dummy, eino_jars, uniq_prince_ribbit1,
          uniq_grum
D:9:      layout_gridville
D:10:     layout_cave_pools, led_sif_pool, kennysheep_generic_room_15,
          uniq_erolcha
D:11:     layout_basic, orc_0_dummy
D:12:     layout_basic, serial_shops, shop, dreamdust_wishing_well
D:13:     layout_layer_cave, hellmonk_vaults_keyhole, minmay_diced_spiral,
          uniq_frances
D:14:     layout_irregular_city, serial_rivers, chequers_serial_rivers_micro_d,
          chequers_serial_rivers_small_b, chequers_serial_rivers_micro_c,
          chequers_serial_rivers_room_b, chequers_serial_rivers_micro_b,
          chequers_serial_rivers_small_a, serial_shops,
          nicolae_shop_real_fake_doors, minmay_misc_feat_more_columns
D:15:     grunt_enter_depths_hoard, layout_gridville, minivault_26,
          guppyfry_shop_earth
Lair:1:   layout_long_grid, kennysheep_rathole
Lair:2:   minmay_lair_oklob_chamber, layout_regular_city,
          nicolae_swamp_entry_splash_gauntlet, grunt_megastairs_2,
          serial_bayou_shore_a, serial_bayou_shore_b,
          infiniplex_staircase_pool_2, uniq_urug
Lair:3:   layout_cave_pods, alex1729_snake_entry_snake, grunt_megastairs_5,
          lemuel_fruit_tree
Lair:4:   layout_long_grid, evilmike_ambush [evilmike_ambush_outer_corners,
          evilmike_ambush_inner_basic], lemuel_fruit_fields
Lair:5:   guppyfry_lair_end_dragon, layout_hall_layers,
          hangedman_lair_caniforms_friends, slime_entry_1, special_room
          [special_room_jelly], gammafunk_ghost_icy
Swamp:1:  layout_basic_swamp, evilmike_swamp_ruin_house_2, swamp_pool_4
Swamp:2:  layout_basic_swamp, evilmike_swamp_ruin_house_5, grunt_ruined_hall
Swamp:3:  nzn_winding_woodlands_three_and_one
          [nzn_winding_woodlands_5x15_crooked,
          nzn_winding_woodlands_5x15_parted, nzn_winding_woodlands_5x15_cabin,
          nzn_winding_woodlands_center_triple_pond], layout_falls_marsh,
          nicolae_swamp_very_dense_foliage, infiniplex_staircase_pool
Swamp:4:  swamp_basic_johnstein, layout_basic_swamp, swamp_pool_1_2,
          nicolae_swamp_tree_designs, hangedman_swamp_lotus,
          nzn_swamp_weyward_sisters
Snake:1:  layout_cave_shapes, nicolae_zig_zag_zippers, uniq_jorgrun
Snake:2:  layout_grid_maze, uniq_aizul
Snake:3:  layout_misc_corridors, serial_shops, shop, uniq_asterion
Snake:4:  grunt_snake_rune_spirals, layout_concentric_octagons, drop_trap,
          grunt_ministairs_11, nicolae_snake_snakewalk
Slime:1:  cheibrodos_slime_lost_civilization_9, layout_caves
Slime:2:  layout_caves, nicolae_slime_rock_hall_of_fame
Slime:3:  layout_caves
Slime:4:  layout_caves
Slime:5:  slime_pit_nicolae_block_by_block, uniq_dissolution
Orc:1:    layout_caves, elf_legates, uniq_harold
Orc:2:    st_orc_rangers, layout_diamond_mine, serial_shops,
          nicolae_square_shop, kennysheep_orc_chapel
Elf:1:    eino_elf_arrival_sip, layout_geoelf_grid, serial_shops, shop,
          hangedman_elf_represent, nicolae_elf_shapeshifter_party,
          roderic_lattice_octagonal_star, lemuel_upstairs_altar, uniq_roxanne
Elf:2:    elven_hall_of_blades_hangedman_original
          [nicolae_blade_entry_antechamber], layout_geoelf_diagonals,
          elves_outpost_lemuel
Elf:3:    minmay_elf_hall_quartered_circle, layout_geoelf_octagon, serial_shops,
          nicolae_shop_tiny_statue_garden, uniq_norris
Vaults:1: nicolae_vaults_trapezoid_2, nicolae_vaults_wine_cellar,
          hangedman_vaults_stagger, nicolae_vaults_apartment_1,
          hangedman_vaults_impose, hangedman_vaults_snaps, v_pattern_4,
          hangedman_vaults_corner_blocks, nicolae_vaults_oval_intersection,
          nicolae_vaults_diamond_2, nicolae_vaults_two_Ls,
          ontoclasm_vaults_gateway, vaults_room_hallway,
          layout_vaults_maze_bifur
Vaults:2: portal_desolation_entry_nicolae_nacl, minmay_crypt_entry_necro_gods,
          vaults_standard_mumra_lines, v_pattern_5,
          nicolae_vaults_bisected_slash, hangedman_vaults_trim,
          layout_vaults_big_room, serial_shops,
          nicolae_shop_tiny_real_fake_doors, shop, uniq_frederick, uniq_zenata
Vaults:3: nicolae_vaults_three_branches, nicolae_vaults_theta,
          ontoclasm_vaults_shuriken, v_alt_pattern_6, v_rooms_3,
          nicolae_vaults_alarming, vaults_room_pools, layout_vaults_omnigrid
Vaults:4: ploomutoo_gammafunk_ghost_potion_laboratory,
          nicolae_vaults_shipping_containers_6, hangedman_vaults_locks,
          v_misc_14, ontoclasm_vaults_chip, ontoclasm_vaults_spin,
          nicolae_vaults_theta, nicolae_vaults_doubleplus_tesselated,
          ontoclasm_vaults_idyll, layout_vaults_omnicross, serial_shops, shop
Vaults:5
Crypt:1:  layout_gridlike
Crypt:2:  layout_catacombs
Crypt:3:  cryptofortress_bobbens
Depths:1: layout_roguey, enter_ziggurat_e, patterned_corridor,
          grunt_hell_entry_demonic_statue, nicolae_shop_clearance
Depths:2: kennysheep_scales, layout_cave_pools, kennysheep_doodads, pan_entry,
          hellmouth_1, grunt_megastairs_1, infiniplex_staircase_pillars_1
Depths:3: minmay_angry_zag, layout_basic, hell_entry,
          nicolae_gozag_seed_capital, abyss_entry, grunt_decor_junction
Depths:4: grunt_zot_entry_alcove, layout_gridlike, hell_entry, abyss_entry,
          hangedman_decor_opposing, minmay_the_grid_2x2 [minmay_the_grid_paths,
          minmay_the_grid_tree, minmay_the_grid_zigzag_pyramid,
          minmay_the_grid_prize_four_corners_diamond_b]
Zot:1:    layout_misc_corridors, uniq_josephina
Zot:2:    layout_gridville
Zot:3:    cheibrodos_zot_enchanting_chambers, layout_basic, skrybe_zot_glass_1
Zot:4:    evilmike_crystal_ball_defense, layout_misc_corridors,
          bh_zot_ikea_curve
Zot:5:    layout_basic, st_stairs_12, lemuel_lake_of_fire

Skill      XL: |  1  2  3  4  5  6  7  8  9 10 11 12 13 14 15 16 17 18 19 20 21 22 23 24 25 26 27 |
---------------+----------------------------------------------------------------------------------+-----
Fire Magic     | 2 3 4 5 6 7 8 9 10 11 12 13 14 15 16 17 18 20 | 20.7
Invocations    | 1 2 3 4 5 6 7 8 9 10 11 12 13 14 15 16 17 18 19 21 | 21.6
Short Blades   | 1 2 3 4 5 7 8 9 10 11 12 13 14 15 16 17 18 20 | 20.0
Long Blades    | 1 2 3 4 5 7 8 9 10 11 12 13 14 15 16 17 18 20 | 20.0
Axes           | 1 2 3 4 5 7 8 9 10 11 12 13 14 15 16 17 18 20 | 20.0
Maces & Flails | 1 2 3 4 5 7 8 9 10 11 12 13 14 15 16 17 18 20 | 20.0
Polearms       | 1 2 3 4 5 7 8 9 10 11 12 13 14 15 16 17 18 20 | 20.0
Staves         | 1 2 3 4 5 7 8 9 10 11 12 13 14 15 16 17 18 20 | 20.0
Throwing       | 1 2 3 4 5 7 8 9 10 11 12 13 14 15 16 17 18 20 | 20.0
Armour         | 1 2 3 4 5 7 8 9 10 11 12 13 14 15 16 17 18 20 | 20.0
Stealth        | 1 2 3 4 5 7 8 9 10 11 12 13 14 15 16 17 18 20 | 20.0
Shields        | 1 2 3 4 5 7 8 9 10 11 12 13 14 15 16 17 18 20 | 20.0
Unarmed Combat | 1 2 3 4 5 7 8 9 10 11 12 13 14 15 16 17 18 20 | 20.0
Evocations     | 1 2 3 4 5 7 8 9 10 11 12 13 14 15 16 17 18 20 | 20.0
Spellcasting   | 3 4 5 6 7 8 9 10 11 12 13 14 15 16 17 18 20 | 20.1
Conjurations   | 1 2 3 4 5 6 7 8 9 10 11 12 13 14 15 17 | 17.1
Summonings     | 1 2 3 4 5 6 7 8 9 10 11 12 13 14 15 17 | 17.1
Necromancy     | 1 2 3 4 5 6 7 8 9 10 11 12 13 14 15 17 | 17.1
Translocations | 1 2 3 4 5 6 7 8 9 10 11 12 13 14 15 17 | 17.1
Transmutations | 1 2 3 4 5 6 7 8 9 10 11 12 13 14 15 17 | 17.1
Ice Magic      | 1 2 3 4 5 6 7 8 9 10 11 12 13 14 15 17 | 17.1
Air Magic      | 1 2 3 4 5 6 7 8 9 10 11 12 13 14 15 17 | 17.1
Earth Magic    | 1 2 3 4 5 6 7 8 9 10 11 12 13 14 15 17 | 17.1
Poison Magic   | 1 2 3 4 5 6 7 8 9 10 11 12 13 14 15 17 | 17.1
Shapeshifting  | 1 2 3 4 5 6 7 8 9 10 11 12 13 14 15 16 18 | 18.5
Fighting       | 3 4 5 6 7 8 9 10 11 12 13 14 15 16 17 18 20 | 20.1
Ranged Weapons | 5 6 7 8 9 10 11 12 13 14 15 16 17 18 20 | 20.4
Dodging        | 5 6 7 8 9 10 11 12 13 14 15 16 17 18 19 20 21 24 | 24.4
Hexes          | 6 7 8 9 10 11 12 13 14 15 16 17 | 17.8

Action                     |  1- 3 |  4- 6 |  7- 9 | 10-12 | 13-15 | 16-18 | 19-21 | 22-24 | 25-27 || total
---------------------------+-------+-------+-------+-------+-------+-------+-------+-------+-------++-------
  Melee: Short sword       |       |    10 |    19 |       |       |       |       |       |       ||    29
         Bite              |       |     3 |    12 |    12 |    21 |    10 |       |    40 |   324 ||   422
         Punch             |       |       |     2 |     2 |    11 |     8 |       |       |       ||    23
         Dagger            |       |       |    36 |       |    46 |       |       |       |       ||    82
         Staff             |       |       |    59 |   111 |    90 |    38 |       |       |   655 ||   953
         Morningstar       |       |       |       |       |       |       |     3 |       |       ||     3
         Unarmed           |       |       |       |       |       |       |     1 |   344 |   793 ||  1138
   Fire: Sling             |   131 |   152 |   131 |     5 |       |       |       |       |       ||   419
         Orcbow            |       |       |       |   270 |   682 |   750 |   537 |       |       ||  2239
         Shortbow          |       |       |       |       |       |       |  1252 |       |       ||  1252
         Arbalest          |       |       |       |       |       |       |   118 |   755 |       ||   873
         Hand cannon       |       |       |       |       |       |       |       |   511 |   138 ||   649
  Throw: Boomerang         |       |       |       |     3 |       |       |       |       |       ||     3
         Dart              |       |       |       |    10 |     7 |       |       |       |       ||    17
         Javelin           |       |       |       |       |       |       |       |       |     1 ||     1
   Cast: Jinxbite          |     1 |     7 |    29 |    26 |     5 |       |     1 |       |       ||    69
         Wereblood         |       |     1 |     1 |       |       |       |       |       |       ||     2
         Scorch            |       |       |    65 |    94 |    57 |    71 |       |       |       ||   287
         Flame Wave        |       |       |       |    37 |   130 |   158 |     2 |     8 |       ||   335
         Dimensional Bulls |       |       |       |     6 |     2 |    19 |    37 |    17 |       ||    81
         Cause Fear        |       |       |       |     4 |     4 |     5 |     4 |     3 |       ||    20
         Animate Dead      |       |       |       |     2 |       |     1 |       |       |       ||     3
         Olgreb's Toxic Ra |       |       |       |       |   121 |    52 |   127 |    65 |       ||   365
         Borgnjor's Vile C |       |       |       |       |    21 |   108 |   143 |   135 |    72 ||   479
         Stone Arrow       |       |       |       |       |       |     8 |       |       |       ||     8
         Airstrike         |       |       |       |       |       |     6 |   100 |       |     1 ||   107
         Irradiate         |       |       |       |       |       |       |    95 |    73 |    72 ||   240
         Summon Cactus Gia |       |       |       |       |       |       |     6 |    24 |     2 ||    32
         Dispel Undead     |       |       |       |       |       |       |       |    27 |    30 ||    57
         Apportation       |       |       |       |       |       |       |       |     7 |       ||     7
         Yara's Violent Un |       |       |       |       |       |       |       |     6 |     1 ||     7
         Ozocubu's Refrige |       |       |       |       |       |       |       |       |    24 ||    24
         Haunt             |       |       |       |       |       |       |       |       |     6 ||     6
         Maxwell's Capacit |       |       |       |       |       |       |       |       |    94 ||    94
         Enfeeble          |       |       |       |       |       |       |       |       |     2 ||     2
         Ignition          |       |       |       |       |       |       |       |       |    57 ||    57
 Invoke: Wall of Briars    |     1 |       |       |       |     2 |       |     1 |       |       ||     4
         Grow Oklob        |       |       |       |       |     5 |     2 |       |       |     2 ||     9
         Grow Ballistomyce |       |       |       |       |     2 |       |       |       |       ||     2
Ability: Evoke Blink       |       |       |       |       |       |       |       |       |     1 ||     1
  Evoke: Wand              |       |       |     2 |     9 |    13 |     7 |     3 |     4 |     1 ||    39
         Lightning rod     |       |       |       |       |     5 |     3 |    12 |     4 |     6 ||    30
         Phantom mirror    |       |       |       |       |       |     1 |     2 |       |     2 ||     5
         Tin of tremorston |       |       |       |       |       |       |       |     2 |     4 ||     6
         Box of beasts     |       |       |       |       |       |       |       |       |     2 ||     2
    Use: Scroll            |     2 |     3 |     6 |     8 |     9 |     6 |    10 |    27 |    14 ||    85
         Potion            |       |       |     1 |    10 |       |     5 |     6 |     6 |     7 ||    35
   Stab: Sleeping          |       |       |       |     1 |     2 |       |       |     7 |    60 ||    70
         Invisible         |       |       |       |       |     1 |       |       |       |       ||     1
         Distracted        |       |       |       |       |       |     1 |       |       |     5 ||     6
 Armour: Robe              |    24 |    40 |    86 |       |       |       |       |       |       ||   150
         Ring mail         |       |       |    41 |    48 |       |       |       |       |       ||    89
         Steam dragon scal |       |       |       |   237 |   601 |   195 |       |       |       ||  1033
         Skin              |       |       |       |     4 |       |       |       |   262 |  1741 ||  2007
         Swamp dragon scal |       |       |       |       |       |   264 |       |       |       ||   264
         Scale mail        |       |       |       |       |       |   298 |  1224 |   942 |       ||  2464
  Dodge: Dodged            |    38 |    54 |   160 |   368 |  1025 |   851 |  1003 |  1384 |  2497 ||  7380
         Repelled          |       |       |       |       |       |    13 |    36 |     2 |    25 ||    76
  Block: Buckler           |       |       |    28 |    35 |       |       |       |       |       ||    63
         Kite shield       |       |       |       |       |       |       |       |   385 |   819 ||  1204
   Form: Statue            |       |       |       |       |       |       |       |     2 |       ||     2
                           |       |       |       |       |       |       |       |     1 |       ||     1

Table legend: (Time is in decaauts)
 A = Elapsed time spent in this place.
 B = Non-inter-level travel time spent in this place.
 C = Inter-level travel time spent in this place.
 D = Time resting spent in this place.
 E = Time spent auto-exploring this place.
 F = Levels seen in this place.
 G = Mean time per level.
                   A        B        C        D        E       F      G
               +--------+--------+--------+--------+--------+-----+--------+
         Total | 123635 | 111377 |  12258 |  16335 |  66982 |  58 | 2131.6 |
       Dungeon |  24211 |  19392 |   4819 |   2084 |  13014 |  15 | 1614.1 |
          Lair |  14234 |  12533 |   1701 |   2851 |   6395 |   5 | 2846.8 |
         Swamp |   8297 |   7907 |    390 |    956 |   5151 |   4 | 2074.2 |
     Snake Pit |   9606 |   8812 |    794 |   1168 |   5417 |   4 | 2401.5 |
    Slime Pits |   2490 |   2354 |    136 |    476 |   1047 |   5 |  498.0 |
  Orcish Mines |   3220 |   2533 |    687 |    298 |   1643 |   2 | 1610.0 |
   Elven Halls |   9718 |   8759 |    959 |   1266 |   5495 |   3 | 3239.3 |
        Vaults |  14989 |  13996 |    993 |   1241 |   8617 |   5 | 2997.8 |
         Crypt |   5352 |   5214 |    138 |     88 |   3555 |   3 | 1784.0 |
        Depths |  14387 |  13323 |   1064 |   1993 |   8744 |   4 | 3596.8 |
           Zot |  11514 |  10941 |    573 |   2441 |   5895 |   5 | 2302.8 |
         Abyss |    453 |    453 |      0 |     32 |      0 |   2 |  226.5 |
    Desolation |   5158 |   5158 |      0 |   1437 |   2006 |   1 | 5158.0 |
               +--------+--------+--------+--------+--------+-----+--------+

Top non-repeatable levels by time:
Desolation: 5158 daAuts
 Snake:4: 4752 daAuts
Depths:2: 4612 daAuts
Vaults:4: 4300 daAuts
  Lair:5: 4119 daAuts
Depths:4: 4053 daAuts
   Zot:3: 3642 daAuts
Vaults:5: 3576 daAuts
   Elf:1: 3486 daAuts
    D:14: 3313 daAuts
Depths:1: 3284 daAuts
   Elf:2: 3212 daAuts
    D:13: 3022 daAuts
   Elf:3: 3019 daAuts
  Lair:3: 2999 daAuts
